[Event "Titled Tuesday Blitz January 31 Late 2023"]
[White "Ansh M Shah"]
[Black "Toncheva, Nadya"]
[WhiteFideId "25033379"]
[BlackFideId "2924056"]
[WhiteElo "2171"]
[BlackElo "2295"]
[Result "1-0"]
[Round "11"]
[TimeControl "180+2"]
[Date "2023.02.01"]
[WhiteClock "0:01:12"]
[BlackClock "0:00:05"]

1. d4 d5 2. c4 c6 3. cxd5 cxd5 4. Nc3 Nc6 5. Bf4 Nf6 6. e3 Bf5 7. Nf3 e6 8. Qb3 Qd7 9. Ne5 Qc8 10. Bb5 Nd7 11. O-O Be7 12. Rac1 Ndxe5 13. Bxe5 O-O 14. Na4 f6 15. Bg3 Qd7 16. Nc5 Bxc5 17. Rxc5 Rfc8 18. Rfc1 a6 19. Bxc6 Rxc6 20. Rxc6 bxc6 21. Qb6 Bd3 22. Qxc6 Qxc6 23. Rxc6 Kf7 24. Rc7+ Kg6 25. h3 a5 26. b3 a4 27. b4 a3 28. Rc3 Bb1 29. b5 e5 30. dxe5 Bxa2 31. b6 Bb3 32. b7 Rb8 33. Rxb3 a2 34. Ra3 Rxb7 35. Rxa2 fxe5 36. Bxe5 Kf5 37. Bd4 Ke4 38. Kh2 g6 39. Ra6 Rf7 40. Rf6 Rd7 41. Rf4+ Kd3 42. h4 Ke2 43. g4 Kf1 44. Kg3 Ke2 45. h5 Rb7 46. hxg6 hxg6 47. Rf6 g5 48. Rf5 Rb1 49. Rxg5 Rg1+ 50. Kf4 Kxf2 51. e4+ Kg2 52. Bxg1 Kh3 53. exd5 Kg2 54. Bd4 Kh3 55. Be5 Kg2 56. Rf5 Kf2 57. g5 Kg2 58. Bf6 Kf2 59. Re5 Kg2 60. Re3 Kf2 61. g6 Kg2 62. Rf3 Kg1 63. Kg3 1-0


[Site "https://www.chess.com"]

[Event "Titled Tuesday Blitz January 31 Late 2023"]
[White "TheKnightOfBosnia"]
[Black "Nikologorsky, Matfei"]
[BlackFideId "24102474"]
[WhiteElo "2502"]
[BlackElo "2182"]
[Result "1-0"]
[Round "11"]
[TimeControl "180+2"]
[Date "2023.02.01"]
[WhiteClock "0:01:15"]
[BlackClock "0:00:52"]

1. e4 c5 2. Nf3 e6 3. d4 cxd4 4. Nxd4 a6 5. a3 Qc7 6. Nc3 b5 7. Be2 Bb7 8. f4 Nc6 9. Be3 Nf6 10. e5 Nxe5 11. fxe5 Qxe5 12. Qd2 Bxg2 13. Rg1 Qxh2 14. O-O-O Bb7 15. Bf4 Qh3 16. Rg3 Qh4 17. Nf3 Qh5 18. Ne5 Qh4 19. Nxd7 Rd8 20. Rd3 Nxd7 21. Rxd7 Be7 22. Rxd8+ Bxd8 23. Qd7+ Kf8 24. Qxd8+ Qxd8 25. Rxd8+ 1-0


[Site "https://www.chess.com"]

[Event "Titled Tuesday Blitz January 31 Late 2023"]
[White "Kleiman, Jake"]
[Black "Fiorito, Francisco"]
[WhiteFideId "2020041"]
[BlackFideId "180165"]
[WhiteElo "2399"]
[BlackElo "2305"]
[Result "1-0"]
[Round "11"]
[TimeControl "180+2"]
[Date "2023.02.01"]
[WhiteClock "0:01:19"]
[BlackClock "0:02:06"]

1. h4 a6 2. h5 b5 3. a4 Bb7 4. axb5 axb5 5. Rxa8 Bxa8 6. Na3 b4 7. Nc4 d5 8. Ne5 Nd7 9. Nxd7 Qxd7 10. Nf3 c5 11. d4 c4 12. Bf4 Nf6 13. Qa1 Qb7 14. Ne5 Nd7 15. Qa4 Qc8 16. Nxd7 Bc6 17. Nb6 Bxa4 18. Nxc8 Bxc2 19. Kd2 Ba4 20. Nb6 Bc6 21. e4 e6 22. exd5 exd5 23. Be2 b3 24. Kc3 Be7 25. Re1 O-O 26. Bxc4 dxc4 27. Rxe7 1-0


[Site "https://www.chess.com"]

[Event "Titled Tuesday Blitz January 31 Late 2023"]
[White "Aarav Dengla"]
[Black "Tinmaz, Kerem"]
[WhiteFideId "45059756"]
[BlackFideId "44559151"]
[WhiteElo "2343"]
[BlackElo "2177"]
[Result "1-0"]
[Round "11"]
[TimeControl "180+2"]
[Date "2023.02.01"]
[WhiteClock "0:00:33"]
[BlackClock "0:00:02"]

1. e4 c6 2. d4 d5 3. Nc3 dxe4 4. Nxe4 Bf5 5. Ng3 Bg6 6. h4 h6 7. Nf3 Nd7 8. Bd3 Bxd3 9. Qxd3 e6 10. Bf4 Ngf6 11. c3 Be7 12. h5 c5 13. O-O-O Qa5 14. Kb1 O-O 15. dxc5 Nxc5 16. Qc2 Na4 17. Rd4 b5 18. Ne5 Rac8 19. Nd7 b4 20. Nxf8 Bxf8 21. cxb4 Rxc2 22. bxa5 Rxb2+ 23. Ka1 Bb4 24. Rc1 Nd5 25. Ne4 Nxf4 26. a3 Ne2 27. Rc8+ Bf8 28. Rdd8 Nac3 29. Rxf8+ Kh7 30. Rh8# 1-0


[Site "https://www.chess.com"]

[Event "Titled Tuesday Blitz January 31 Late 2023"]
[White "Marczuk, Dominik"]
[Black "Gerbelli Neto, Eduardo"]
[WhiteFideId "1111264"]
[BlackFideId "2103281"]
[WhiteElo "2253"]
[BlackElo "2114"]
[Result "1-0"]
[Round "11"]
[TimeControl "180+2"]
[Date "2023.02.01"]
[WhiteClock "0:01:43"]
[BlackClock "0:00:14"]

1. e4 e5 2. Nf3 Nc6 3. Bc4 Nf6 4. d3 Bc5 5. O-O d6 6. c3 a5 7. Bb3 O-O 8. Nbd2 Be6 9. Bc2 h6 10. h3 b5 11. Re1 Qb8 12. Nf1 Qa7 13. Qe2 a4 14. a3 Rfe8 15. Ng3 d5 16. Nh4 dxe4 17. dxe4 Bc4 18. Qf3 Nh7 19. Nhf5 Re6 20. Nh5 Rg6 21. Nh4 Ng5 22. Bxg5 Rxg5 23. Ng3 Rd8 24. Rad1 Rd6 25. Rxd6 cxd6 26. Rd1 Ne7 27. Bd3 Bb3 28. Rd2 Bc4 29. Bxc4 bxc4 30. Ngf5 Nxf5 31. exf5 Kh7 32. Qe4 f6 33. Qxc4 Qc7 34. Qe4 Qb6 35. g4 h5 36. Nf3 hxg4 37. Nxg5+ fxg5 38. hxg4 Kh6 39. Kg2 1-0


[Site "https://www.chess.com"]

[Event "Titled Tuesday Blitz January 31 Late 2023"]
[White "Hajiyev, Kanan"]
[Black "Fernandez Siles, Luis"]
[WhiteFideId "13404148"]
[BlackFideId "2209420"]
[WhiteElo "2197"]
[BlackElo "2218"]
[Result "0-1"]
[Round "11"]
[TimeControl "180+2"]
[Date "2023.02.01"]
[WhiteClock "0:00:05"]
[BlackClock "0:01:04"]

1. d4 Nf6 2. Nf3 g6 3. g3 Bg7 4. Bg2 O-O 5. O-O d6 6. b3 Ne4 7. Bb2 f5 8. Nbd2 Nxd2 9. Qxd2 Nc6 10. c4 Qe8 11. d5 Ne5 12. Nxe5 dxe5 13. e4 f4 14. f3 g5 15. g4 h5 16. h3 a5 17. c5 Ra6 18. Kf2 Qb5 19. Rac1 a4 20. b4 a3 21. Bc3 Rh6 22. Rh1 Bf6 23. Qe2 Qa4 24. Qc4 Kg7 25. Qb3 Qb5 26. Bf1 Qe8 27. Bg2 Rfh8 28. Qxa3 hxg4 29. hxg4 Rh2 30. Qb2 R8h3 31. Bxe5 Qh8 32. Rxh2 Rxh2 33. Bxf6+ exf6 34. Kg1 Bxg4 0-1


[Site "https://www.chess.com"]

[Event "Titled Tuesday Blitz January 31 Late 2023"]
[White "Matko, Ognjen"]
[Black "Gomes, Luiz Alexandre de Souza"]
[WhiteFideId "14509717"]
[BlackFideId "2102790"]
[WhiteElo "2295"]
[BlackElo "2254"]
[Result "0-1"]
[Round "11"]
[TimeControl "180+2"]
[Date "2023.02.01"]
[WhiteClock "0:00:01"]
[BlackClock "0:00:52"]

1. Nf3 d5 2. g3 Nf6 3. Bg2 Bf5 4. c4 e6 5. O-O c6 6. d4 Be7 7. Nc3 O-O 8. Qb3 Qb6 9. c5 Qxb3 10. axb3 Nbd7 11. b4 a6 12. Nh4 Bc2 13. Re1 e5 14. e3 exd4 15. exd4 Rfe8 16. Bd2 g6 17. Bh3 Bf8 18. Nf3 h6 19. Rac1 Bd3 20. Ne5 Nxe5 21. dxe5 Ne4 22. Nxe4 Bxe4 23. f4 h5 24. Bc3 Rad8 25. Bd4 Ra8 26. Ra1 Bh6 27. Kf2 g5 28. Be3 gxf4 29. gxf4 Kh7 30. Rg1 Rg8 31. f5 Bxe3+ 32. Kxe3 Rae8 33. Kf4 Bd3 34. f6 Bg6 35. Rad1 Rd8 36. Rd4 Rge8 37. Rg5 Kh6 38. Bf1 Ra8 39. h4 a5 40. b5 a4 41. bxc6 bxc6 42. Bh3 Reb8 43. Bd7 Ra6 44. e6 fxe6 45. Bxe6 Rxb2 46. Ke5 Rf2 47. Rf4 Rxf4 48. Kxf4 a3 49. f7 Bxf7 50. Bxf7 a2 51. Kf5 a1=Q 52. Rxh5+ Kg7 53. Be6 Qf1+ 0-1


[Site "https://www.chess.com"]

[Event "Titled Tuesday Blitz January 31 Late 2023"]
[White "Przybylski, Wojciech"]
[Black "Smith, Garrett L"]
[WhiteFideId "1117599"]
[BlackFideId "2024829"]
[WhiteElo "2321"]
[BlackElo "2047"]
[Result "1-0"]
[Round "11"]
[TimeControl "180+2"]
[Date "2023.02.01"]
[WhiteClock "0:01:33"]
[BlackClock "0:01:00"]

1. e4 c5 2. Nf3 Nc6 3. d4 cxd4 4. Nxd4 e5 5. Nb5 d6 6. N1c3 a6 7. Na3 Be7 8. Nd5 Nf6 9. Bd3 Nxd5 10. exd5 Qa5+ 11. Bd2 Qxd5 12. O-O e4 13. Bc4 Qf5 14. f3 O-O 15. Bc3 Qc5+ 16. Kh1 b5 17. b4 Nxb4 18. Bd4 Qc7 19. Bb3 Bb7 20. fxe4 Bxe4 21. Bxg7 Kxg7 22. Qd4+ f6 23. Qxe4 d5 24. Qg4+ Kh8 25. Rf5 Rg8 26. Qe2 Nc6 27. Rh5 Bxa3 28. Bxd5 Rg7 29. Qe4 Rc8 30. Re1 Ne5 31. Qh4 Be7 32. Be4 Bd8 33. Qh3 Ng4 34. Qf3 Qxh2+ 35. Rxh2 1-0


[Site "https://www.chess.com"]

[Event "Titled Tuesday Blitz January 31 Late 2023"]
[White "Estrada Nieto, Julian"]
[Black "Rian, Kapriaga"]
[WhiteFideId "5101018"]
[BlackFideId "7103263"]
[WhiteElo "2215"]
[BlackElo "2089"]
[Result "1-0"]
[Round "11"]
[TimeControl "180+2"]
[Date "2023.02.01"]
[WhiteClock "0:01:16"]
[BlackClock "0:00:01"]

1. e4 c6 2. d4 d5 3. Nc3 dxe4 4. Nxe4 Bf5 5. Ng3 Bg6 6. h4 h6 7. Nf3 Nd7 8. h5 Bh7 9. Bd3 Bxd3 10. Qxd3 e6 11. Bd2 Ngf6 12. O-O-O Be7 13. Qe2 O-O 14. Nf1 Qb6 15. Ne3 Rfd8 16. g4 Nd5 17. Nxd5 cxd5 18. g5 hxg5 19. Bxg5 Bf8 20. Bxd8 Rxd8 21. h6 g6 22. Ne5 Nxe5 23. Qxe5 Kh7 24. Rd3 Rc8 25. Rb3 Qc7 26. Qxc7 Rxc7 27. Kd1 b6 28. Rc3 Rxc3 29. bxc3 Bxh6 30. Ke2 Kg7 31. Kd3 Bf4 32. a4 g5 33. Ra1 g4 34. a5 b5 35. a6 Bh2 36. Rb1 f5 37. Rxb5 f4 38. Rb7+ Kf6 39. Ke2 Kf5 40. f3 g3 41. Kf1 e5 42. dxe5 Kxe5 43. Kg2 d4 44. cxd4+ Kd5 45. Rxa7 1-0


[Site "https://www.chess.com"]

[Event "Titled Tuesday Blitz January 31 Late 2023"]
[White "Pino Perez, Lazaro"]
[Black "Kovacs, Klara"]
[WhiteFideId "3517055"]
[BlackFideId "733210"]
[WhiteElo "2142"]
[BlackElo "2121"]
[Result "1-0"]
[Round "11"]
[TimeControl "180+2"]
[Date "2023.02.01"]
[WhiteClock "0:00:06"]
[BlackClock "0:00:43"]

1. d4 e6 2. Bf4 Nf6 3. e3 c5 4. Nf3 b6 5. Nc3 Be7 6. Nb5 Na6 7. Nd2 O-O 8. Nd6 Nd5 9. Bg3 Nab4 10. a3 Nc6 11. e4 Nc7 12. dxc5 bxc5 13. Be2 Ba6 14. O-O Rb8 15. b3 e5 16. Nf5 Bf6 17. Bxa6 Nxa6 18. Nc4 Re8 19. Nfd6 Re6 20. Qd3 Nc7 21. Rad1 Nd4 22. f4 exf4 23. Bxf4 Ra8 24. e5 Be7 25. Bg3 Bxd6 26. Nxd6 f6 27. exf6 Rxf6 28. Qc4+ Nce6 29. c3 Nc6 30. Bh4 Rxf1+ 31. Rxf1 Qb6 32. Qd5 Rf8 33. Nc4 Rxf1+ 34. Kxf1 Qxb3 35. Be1 Na5 36. Qa8+ Kf7 37. Nxa5 Qxa3 38. Qf3+ Ke7 39. Nc4 Qa6 40. Qe2 d5 41. Ne3 Qc6 42. Nf5+ Kf7 43. Ng3 g6 44. Qf3+ Kg7 45. Bf2 Ng5 46. Qe3 Nf7 47. Ne2 a5 48. Nf4 a4 49. Ne6+ Kg8 50. Nxc5 a3 51. Nb3 Qc4+ 52. Qe2 Qxb3 53. Qe8+ Kg7 54. Bd4+ Kh6 55. Qe3+ Ng5 56. h4 Qd1+ 57. Kf2 Qc2+ 58. Kg1 Qb1+ 59. Kh2 Qf5 60. hxg5+ Qxg5 61. Bg7+ Kh5 62. Qh3+ Qh4 63. g4+ Kg5 64. Bf6+ Kxf6 65. Qxh4+ Kg7 66. Qg3 a2 67. Qc7+ Kh6 68. Qa7 d4 69. Qxa2 d3 70. Qd2+ g5 71. Qxd3 1-0


[Site "https://www.chess.com"]

[Event "Titled Tuesday Blitz January 31 Late 2023"]
[White "Shubenkova, Veronika"]
[Black "Ruiz Aguilar, Pablo Alexander"]
[WhiteFideId "44124040"]
[BlackFideId "4401352"]
[WhiteElo "1960"]
[BlackElo "2161"]
[Result "1-0"]
[Round "11"]
[TimeControl "180+2"]
[Date "2023.02.01"]
[WhiteClock "0:01:53"]
[BlackClock "0:00:42"]

1. e4 c5 2. Nc3 Nc6 3. g3 g6 4. Bg2 Bg7 5. d3 Rb8 6. f4 b5 7. Rb1 b4 8. Nce2 e6 9. Nf3 Nd4 10. Be3 Qb6 11. Nexd4 cxd4 12. Bf2 Ne7 13. O-O Nc6 14. h3 d6 15. b3 O-O 16. Nd2 Ba6 17. Nc4 Qc7 18. Re1 Rfc8 19. Qg4 Ne7 20. Re2 Bxc4 21. dxc4 a5 22. h4 h5 23. Qf3 a4 24. Bh3 axb3 25. cxb3 Ra8 26. Rbe1 Ra5 27. Rd1 Rca8 28. Rdd2 Qa7 29. Qd3 Ra3 30. Bg2 Qc5 31. e5 R8a7 32. Bxd4 Qc7 33. Bxa7 Qxa7+ 34. Kh2 dxe5 35. fxe5 Nf5 36. Be4 Qc5 37. Bxf5 gxf5 38. Qd8+ Kh7 39. Qg5 Bxe5 40. Qxh5+ Kg7 41. Qg5+ Kh7 42. Rd7 Ra7 43. Qh5+ 1-0


[Site "https://www.chess.com"]

[Event "Titled Tuesday Blitz January 31 Late 2023"]
[White "QuiesPrecatio"]
[Black "Onslow, Alfie"]
[BlackFideId "436976"]
[WhiteElo "2426"]
[BlackElo "2157"]
[Result "1-0"]
[Round "11"]
[TimeControl "180+2"]
[Date "2023.02.01"]
[WhiteClock "0:01:31"]
[BlackClock "0:00:53"]

1. e4 c5 2. Nf3 Nc6 3. d4 cxd4 4. Nxd4 e5 5. Nb5 d6 6. c4 Be7 7. Bd3 Nf6 8. N1c3 O-O 9. Bg5 a6 10. Na3 Nd7 11. Bxe7 Qxe7 12. Nd5 Qg5 13. Qd2 Qxg2 14. O-O-O Nc5 15. Rhg1 Qxh2 16. Rh1 Nxd3+ 17. Qxd3 Qxf2 18. Rdf1 Qd4 19. Nf6+ gxf6 20. Qg3+ Kh8 21. Rxh7+ Kxh7 22. Rh1+ Bh3 23. Rxh3# 1-0


[Site "https://www.chess.com"]

[Event "Titled Tuesday Blitz January 31 Late 2023"]
[White "EdmundPlayer"]
[Black "Buchenau, Frank"]
[BlackFideId "4604350"]
[WhiteElo "2313"]
[BlackElo "2222"]
[Result "0-1"]
[Round "11"]
[TimeControl "180+2"]
[Date "2023.02.01"]
[WhiteClock "0:00:06"]
[BlackClock "0:00:20"]

1. e4 e6 2. d4 d5 3. Nc3 Nf6 4. e5 Nfd7 5. f4 c5 6. Nf3 Nc6 7. Be3 a6 8. Be2 b5 9. O-O Qb6 10. Qd2 cxd4 11. Nxd4 Nxd4 12. Bxd4 Qxd4+ 13. Qxd4 Bc5 14. Rad1 Bb7 15. Qxc5 Nxc5 16. Bd3 Rc8 17. Ne2 Nxd3 18. cxd3 Rc2 19. Nd4 Rxb2 20. Rc1 O-O 21. Rc7 Ba8 22. f5 exf5 23. Nxf5 d4 24. Rf2 Rb1+ 25. Rf1 Rb2 26. Rf2 Rb1+ 27. Rf1 Rxf1+ 28. Kxf1 Rd8 29. Nd6 Bd5 30. Ra7 f6 31. Rxa6 fxe5 32. Nxb5 e4 33. dxe4 Bc4+ 34. Kf2 Bxb5 35. Ra5 Bc4 36. a4 d3 0-1


[Site "https://www.chess.com"]

[Event "Titled Tuesday Blitz January 31 Late 2023"]
[White "Chabris, Christopher"]
[Black "Bon, Michael"]
[WhiteFideId "2005263"]
[BlackFideId "620696"]
[WhiteElo "2053"]
[BlackElo "2394"]
[Result "0-1"]
[Round "11"]
[TimeControl "180+2"]
[Date "2023.02.01"]
[WhiteClock "0:00:07"]
[BlackClock "0:01:48"]

1. e4 c5 2. Nf3 d6 3. Bb5+ Nd7 4. d4 cxd4 5. Qxd4 a6 6. Bxd7+ Bxd7 7. c4 Rc8 8. O-O Qc7 9. b3 b5 10. Na3 e5 11. Qd3 h6 12. Be3 d5 13. cxb5 Bxa3 14. b6 Qb7 15. Nxe5 Bb5 16. Qd4 Bc5 17. Qc3 Bxe3 18. Qxe3 Bxf1 19. exd5 Ne7 20. Nc6 Bb5 21. Re1 Bxc6 22. dxc6 Rxc6 23. Qf3 Re6 0-1


[Site "https://www.chess.com"]

[Event "Titled Tuesday Blitz January 31 Late 2023"]
[White "Osmonbekov, Talaibek"]
[Black "Melikhov, Evgeny V."]
[WhiteFideId "2017253"]
[BlackFideId "4122046"]
[WhiteElo "2137"]
[BlackElo "2269"]
[Result "1-0"]
[Round "11"]
[TimeControl "180+2"]
[Date "2023.02.01"]
[WhiteClock "0:00:37"]
[BlackClock "0:00:55"]

1. d4 Nf6 2. Bf4 d5 3. Nc3 c5 4. e3 cxd4 5. exd4 a6 6. Nf3 Nc6 7. Ne5 Bf5 8. Nxc6 bxc6 9. Bd3 Bxd3 10. Qxd3 e6 11. O-O c5 12. dxc5 Bxc5 13. Be5 Be7 14. Ne2 O-O 15. Nd4 Qb6 16. Rab1 Rfc8 17. c3 a5 18. a4 Nd7 19. Bg3 Bf6 20. Nb5 Nc5 21. Qc2 Ne4 22. Bf4 Rc4 23. Kh1 Rac8 24. f3 Nf2+ 25. Qxf2 Qxf2 26. Rxf2 Rxf4 27. g3 Rxa4 28. b3 Bd4 29. Nxd4 Ra3 30. Nb5 1-0


[Site "https://www.chess.com"]

[Event "Titled Tuesday Blitz January 31 Late 2023"]
[White "Llanos, Guillermo"]
[Black "Antonio, Jorge Carlos"]
[WhiteFideId "100358"]
[BlackFideId "113190"]
[WhiteElo "2290"]
[BlackElo "2277"]
[Result "0-1"]
[Round "11"]
[TimeControl "180+2"]
[Date "2023.02.01"]
[WhiteClock "0:00:11"]
[BlackClock "0:00:58"]

1. Nf3 d5 2. b3 c5 3. e3 Nc6 4. Bb5 e6 5. Bb2 a6 6. Bxc6+ bxc6 7. O-O f6 8. d4 cxd4 9. exd4 Bd6 10. c4 Ne7 11. Ba3 O-O 12. Bxd6 Qxd6 13. Re1 Nf5 14. Nc3 Bd7 15. Na4 Rae8 16. Rc1 e5 17. dxe5 fxe5 18. Nb6 e4 19. Nxd7 Qxd7 20. Nd4 Nxd4 21. Qxd4 Rf5 22. cxd5 cxd5 23. Rc5 h6 24. Rd1 Ree5 25. b4 Qe6 26. Re1 Rg5 27. Re3 Qg6 28. g3 Qf5 29. h4 Rg6 30. Kg2 Rf6 31. Qd2 d4 32. Rxe5 Qxe5 33. Re2 Qd5 34. Kh2 d3 35. Re3 Qf5 36. Kg2 Rc6 37. Qb2 Rc2 38. Qb3+ Kh7 0-1


[Site "https://www.chess.com"]

[Event "Titled Tuesday Blitz January 31 Late 2023"]
[White "OKEKE, Isaac Chukwudalu"]
[Black "Ortez, Andrea"]
[WhiteFideId "8508526"]
[BlackFideId "6702392"]
[WhiteElo "2155"]
[BlackElo "1961"]
[Result "1-0"]
[Round "11"]
[TimeControl "180+2"]
[Date "2023.02.01"]
[WhiteClock "0:00:10"]
[BlackClock "0:00:02"]

1. e4 c5 2. Nf3 Nc6 3. d4 cxd4 4. Nxd4 g6 5. Nc3 Bg7 6. Be3 Nf6 7. Nxc6 bxc6 8. Bc4 O-O 9. O-O d6 10. h3 Qc7 11. Qe2 Rb8 12. Rab1 Nd7 13. f4 Nb6 14. Bd3 c5 15. Nb5 Qd7 16. b3 a6 17. Na3 a5 18. Rbd1 Qc7 19. Nb5 Qb7 20. c4 Bd7 21. a4 Bxb5 22. cxb5 Rbc8 23. Qc2 Rfd8 24. Bc4 e6 25. f5 d5 26. fxe6 fxe6 27. exd5 exd5 28. Be2 d4 29. Bc4+ Kh8 30. Rf7 Rc7 31. Rxc7 Qxc7 32. Bg5 Rf8 33. Re1 Bf6 34. Bh6 Bg7 35. Qd2 Nxc4 36. bxc4 Qf7 37. Bxg7+ Kxg7 38. Kh1 Re8 39. Rxe8 Qxe8 40. Qxa5 d3 41. Qc3+ Kh6 42. Qd2+ Kg7 43. Qxd3 Qe1+ 44. Kh2 Qe5+ 45. Qg3 Qd4 46. b6 Qxc4 47. b7 Qxa4 48. b8=Q Kh6 49. Qf8+ Kh5 50. Qgf3+ 1-0


[Site "https://www.chess.com"]

[Event "Titled Tuesday Blitz January 31 Late 2023"]
[White "Gonzalez, Francisco Silva"]
[Black "Zampronha, Wladimir Camilo"]
[WhiteFideId "1512285"]
[BlackFideId "2103087"]
[WhiteElo "2021"]
[BlackElo "2176"]
[Result "1-0"]
[Round "11"]
[TimeControl "180+2"]
[Date "2023.02.01"]
[WhiteClock "0:00:39"]
[BlackClock "0:00:09"]

1. d4 Nf6 2. c4 e6 3. Nc3 Bb4 4. a3 Bxc3+ 5. bxc3 c5 6. e3 O-O 7. Bd3 d5 8. Ne2 dxc4 9. Bxc4 Qc7 10. Bd3 b6 11. e4 Ba6 12. Bxa6 Nxa6 13. Qd3 Nb8 14. O-O Nbd7 15. Bg5 h6 16. Bh4 Rac8 17. e5 Nh7 18. Rac1 Rfe8 19. f4 Nhf8 20. f5 exf5 21. Qxf5 Nb8 22. Bg3 Qd7 23. Qf3 cxd4 24. cxd4 Rxc1 25. Rxc1 Ne6 26. Qe4 Rc8 27. Rd1 Na6 28. Qd3 Qb7 29. Nf4 Nxf4 30. Bxf4 Rd8 31. d5 Nc5 32. Qc4 Qa6 33. Qxa6 Nxa6 34. Kf2 Kf8 35. Ke3 Ke8 36. h4 Rc8 37. Rd3 Rc2 38. g3 Nc5 39. Rd2 Rc3+ 40. Ke2 Rxa3 41. Be3 Ne4 42. Rd4 Nc3+ 43. Kd2 Nb5 44. Rc4 Kd7 45. g4 Nc7 46. d6 Ne6 47. g5 Ra5 48. Re4 h5 49. Kd3 Rd5+ 50. Kc4 Ra5 51. Kb4 Ra2 52. Kb5 g6 53. Rc4 Re2 54. Rc3 Re1 55. Ka6 Ra1+ 56. Kb7 b5 57. Bxa7 b4 58. Rb3 Rxa7+ 59. Kxa7 Nc5 60. Rxb4 Nd3 61. Rb7+ 1-0


[Site "https://www.chess.com"]

[Event "Titled Tuesday Blitz January 31 Late 2023"]
[White "Todev, Simeon"]
[Black "Kaufman, Lawrence"]
[WhiteFideId "2925133"]
[BlackFideId "2000555"]
[WhiteElo "2033"]
[BlackElo "2188"]
[Result "1/2-1/2"]
[Round "11"]
[TimeControl "180+2"]
[Date "2023.02.01"]
[WhiteClock "0:00:08"]
[BlackClock "0:00:05"]

1. e4 e5 2. Nf3 Nf6 3. d4 Nxe4 4. Nxe5 d5 5. Bd3 Bd6 6. Bxe4 dxe4 7. O-O O-O 8. Nc3 Bf5 9. f3 exf3 10. Qxf3 Be6 11. Qxb7 Nd7 12. Nxd7 Qxd7 13. Qf3 Rae8 14. Bf4 Bg4 15. Qg3 Bh5 16. Bxd6 cxd6 17. Rae1 Bg6 18. Nd5 Qb7 19. Qxd6 Qxb2 20. Ne7+ Kh8 21. Nxg6+ hxg6 22. Rxe8 Rxe8 23. Rxf7 Qxc2 24. Rf8+ Rxf8 25. Qxf8+ Kh7 26. Qf4 Qxa2 27. h4 a5 28. h5 Qb1+ 29. Kh2 gxh5 30. d5 Qd3 31. d6 a4 32. Qg3 Qxg3+ 33. Kxg3 a3 34. d7 a2 35. d8=Q a1=Q 36. Qd3+ g6 37. Qd7+ Qg7 38. Qd6 Qf7 39. Qe5 Qg7 40. Qd6 Qf7 41. Qe5 Qg7 42. Qe3 Qf7 43. Qd3 Qc7+ 44. Kh3 Qc8+ 45. Kh2 Qc7+ 46. g3 Qf7 47. Qe3 Qg7 48. Kh3 Qd7+ 49. Kh2 Qf7 50. Qd4 Qg7 51. Qd5 g5 52. Qf5+ Qg6 53. Qd7+ Qg7 54. Qd5 h4 55. Qe4+ Qg6 56. Qe7+ Qg7 57. Qe4+ Qg6 58. Qb7+ Qg7 59. Qb1+ Qg6 60. Qb7+ Qg7 61. Qe4+ 1/2-1/2


[Site "https://www.chess.com"]

[Event "Titled Tuesday Blitz January 31 Late 2023"]
[White "Rose, Felix"]
[Black "Curtis, John"]
[WhiteFideId "5105722"]
[BlackFideId "3200256"]
[WhiteElo "2091"]
[BlackElo "2292"]
[Result "1-0"]
[Round "11"]
[TimeControl "180+2"]
[Date "2023.02.01"]
[WhiteClock "0:00:14"]
[BlackClock "0:00:01"]

1. e4 d5 2. exd5 Qxd5 3. Nc3 Qa5 4. d4 Nf6 5. Bd2 c6 6. Nf3 Bg4 7. h3 Bxf3 8. Qxf3 Nbd7 9. O-O-O e6 10. Kb1 Bb4 11. g4 O-O 12. g5 Nd5 13. Nxd5 cxd5 14. c3 Be7 15. Bd3 Qd8 16. h4 a6 17. Qh5 g6 18. Qg4 Re8 19. h5 Nf8 20. hxg6 fxg6 21. f4 Qc7 22. Qh3 Bd6 23. Rdf1 Re7 24. Qg2 Rf7 25. f5 gxf5 26. g6 Rg7 27. gxh7+ Nxh7 28. Qf3 Nf6 29. Bh6 Rg4 30. Bxf5 exf5 31. Qxf5 Qh7 32. Bg5 Qxf5+ 33. Rxf5 Ne4 34. Bc1 Rf8 35. Rxd5 Rf2 36. c4 Bf4 37. Rd8+ Kg7 38. Rd7+ Kg6 39. Bxf4 Rfxf4 40. d5 Nd2+ 41. Ka1 Nxc4 42. Rxb7 a5 43. d6 1-0


[Site "https://www.chess.com"]

[Event "Titled Tuesday Blitz January 31 Late 2023"]
[White "Floresvillar Gonzalez, Luis Migu"]
[Black "Davidson, Kevin"]
[WhiteFideId "5100542"]
[BlackFideId "2056810"]
[WhiteElo "2043"]
[BlackElo "2154"]
[Result "1-0"]
[Round "11"]
[TimeControl "180+2"]
[Date "2023.02.01"]
[WhiteClock "0:00:55"]
[BlackClock "0:00:01"]

1. d4 Nf6 2. c3 g6 3. Bg5 Bg7 4. Nd2 d6 5. e4 h6 6. Bf4 O-O 7. Ngf3 Nfd7 8. e5 Nc6 9. exd6 exd6 10. Be2 Re8 11. O-O Nf6 12. Re1 g5 13. Bg3 Bf5 14. h3 Ne4 15. Nxe4 Bxe4 16. Bd3 Bxd3 17. Qxd3 Qd7 18. d5 Ne5 19. Nxe5 dxe5 20. Rad1 f5 21. f3 Rad8 22. c4 b6 23. b3 a5 24. a4 Qd6 25. Qxf5 Qb4 26. Bxe5 Qxb3 27. Bxg7 Kxg7 28. h4 Qxc4 29. hxg5 hxg5 30. Qxg5+ Kf7 31. Qh5+ Kf8 32. Qh8+ Kf7 33. Qh7+ Kf8 34. Qh6+ Kf7 35. Re4 Qc5+ 36. Kf1 Rh8 37. Qe6+ Kg7 38. Rg4+ Kh7 39. Qf7+ 1-0


[Site "https://www.chess.com"]

[Event "Titled Tuesday Blitz January 31 Late 2023"]
[White "ritanovikova"]
[Black "Battlecruiser_Operational"]
[WhiteElo "2217"]
[BlackElo "2419"]
[Result "1/2-1/2"]
[Round "11"]
[TimeControl "180+2"]
[Date "2023.02.01"]
[WhiteClock "0:00:15"]
[BlackClock "0:00:20"]

1. e4 e6 2. d4 d5 3. Nd2 h6 4. Ngf3 Nf6 5. Bd3 c5 6. dxc5 Bxc5 7. exd5 Nxd5 8. O-O Nc6 9. Ne4 Be7 10. Bb5 Bd7 11. c4 Nb6 12. Bf4 O-O 13. Bd6 a6 14. Bxe7 Qxe7 15. Bxc6 Bxc6 16. Qd6 Qxd6 17. Nxd6 Rfd8 18. c5 Na4 19. b4 b6 20. Ne5 bxc5 21. Ndxf7 Rf8 22. Nxh6+ gxh6 23. Nxc6 c4 24. Rac1 c3 25. Rc2 Rf7 26. Rfc1 Rc8 27. Nd4 Rc4 28. Ne2 Rfc7 29. a3 Kf7 30. f3 e5 31. Kf2 Ke6 32. Ke3 h5 33. Ng3 Rh4 34. h3 Rhc4 35. Ne4 h4 36. Kd3 Nb2+ 37. Ke3 Na4 38. Kd3 Nb2+ 39. Ke3 Na4 1/2-1/2


[Site "https://www.chess.com"]

[Event "Titled Tuesday Blitz January 31 Late 2023"]
[White "Fernandez, Maria Florencia"]
[Black "Bongo Akanga Ndjila, Barthelemy"]
[WhiteFideId "116459"]
[BlackFideId "10609431"]
[WhiteElo "2129"]
[BlackElo "1824"]
[Result "1-0"]
[Round "11"]
[TimeControl "180+2"]
[Date "2023.02.01"]
[WhiteClock "0:00:42"]
[BlackClock "0:00:01"]

1. d4 d5 2. c4 e6 3. Nc3 Nf6 4. cxd5 exd5 5. Bg5 Bd6 6. e3 c6 7. Bd3 Nbd7 8. Nge2 O-O 9. Qc2 Qc7 10. O-O-O h6 11. Bh4 Nh5 12. g4 Nhf6 13. g5 hxg5 14. Bxg5 Nh5 15. Rdg1 Re8 16. Rg4 Nf8 17. Rh4 g6 18. Rg1 Ng7 19. Nf4 Be7 20. Bxg6 fxg6 21. Nxg6 Bxg5 22. Rxg5 Bf5 23. Rxf5 Nxg6 24. Rg4 Re6 25. Rfg5 Kf7 26. Rxg6 Rxg6 27. Qxg6+ Kg8 28. h4 Qf7 29. Qg5 Rf8 30. h5 Kh8 31. Qh6+ Kg8 32. Ne2 Qf6 33. Rg6 Qf7 34. Ng3 Re8 35. Nf5 1-0


[Site "https://www.chess.com"]